Map: Catalyst LE

Players

Raptorteam - Winner!

  • Race: Terran Terran
  • Spawn Location: 11:00

BoostY

  • Race: Terran Terran
  • League: Platinum
  • Spawn Location: 5:00

VOD

Have the link to the VOD?

Description

Time

  • Played on: July 24, 2018, 2:12 a.m.
  • Length: 23:39
Show
View Real Time Build Order
Export as new Build Order

Raptorteam Terran - Winner!

Build Orders:  

Get SALT Encoding   

  12  0:01  SCV  
  13  0:13  SCV  
  14  0:17  Supply Depot  
  14  0:25  SCV  
  15  0:39  Barracks, SCV  
  16  0:45  Refinery  
  16  0:52  SCV  
  17  1:05  SCV  
  18  1:26  Refinery  
  18  1:28  Orbital Command  
  18  1:31  Reaper  
  19  1:36  Supply Depot  
  18  1:49  Supply Depot  
  18  1:55  SCV  
  19  2:02  Factory  
  19  2:13  Barracks Tech Lab  
  19  2:14  SCV  
  20  2:26  SCV  
  21  2:40  SCV  
  22  2:45  Command Center  
  22  2:56  SCV  
  23  2:59  Factory Tech Lab  
  23  3:00  Marine  
  23  3:02  Stimpack  
  24  3:08  SCV  
  25  3:18  Widow Mine  
  25  3:19  Marine  
  27  3:21  SCV  
  29  3:29  Engineering Bay  
  29  3:33  SCV  
  30  3:40  Supply Depot  
  30  3:45  SCV  
  31  3:57  SCV, Siege Tank  
  31  3:59  Terran Infantry Armor Level 1  
  35  4:04  Marine  
  35  4:06  Starport  
  35  4:09  SCV  
  37  4:23  SCV  
  39  4:24  Orbital Command  
  39  4:27  Marine  
  39  4:30  Siege Tank  
  42  4:39  Factory  
  42  4:41  SCV  
  43  4:49  Marine  
  43  4:50  Starport Reactor  
  43  4:51  SCV  
  45  4:53  SCV  
  45  4:56  Refinery  
  46  5:03  SCV  
  46  5:05  SCV  
  43  5:07  Marine  
  44  5:18  Siege Tank  
  42  5:52  SCV  
  42  5:54  Siege Tank  
  46  6:03  Refinery  
  46  6:04  SCV  
  46  6:10  Factory Tech Lab  
  46  6:11  SCV  
  48  6:15  Medivac  
  48  6:16  SCV  
  48  6:17  Marine  
  52  6:23  Barracks x2, SCV  
  52  6:25  Command Center  
  53  6:28  SCV  
  54  6:37  Missile Turret  
  54  6:50  Marine  
  54  6:54  SCV  
  54  7:06  SCV  
  54  7:12  Barracks Reactor  
  54  7:26  Refinery  
  54  7:43  Command Center  
  54  7:55  Supply Depot  
  54  7:58  Supply Depot  
  54  7:59  Supply Depot  
  54  8:00  Supply Depot  
  54  8:02  Supply Depot  
  54  8:06  Medivac x2, Marine, Siege Tank  
  62  8:12  Missile Turret  
  62  8:13  Missile Turret  
  62  8:16  Marine x2  
  62  8:17  SCV x2, Siege Tank  
  69  8:24  Marine  
  70  8:29  SCV x2  
  66  8:34  Marine x2  
  66  8:40  Command Center  
  66  8:41  SCV  
  71  8:42  Marine  
  72  8:49  Siege Tank  
  72  8:52  Marine x2  
  72  8:53  SCV  
  70  8:57  Siege Tank  
  70  9:00  Marine  
  72  9:05  SCV  
  70  9:10  Marine x2  
  70  9:13  Orbital Command  
  72  9:17  Marine  
  72  9:20  Medivac  
  72  9:21  Siege Tank  
  78  9:28  Marine x2  
  78  9:29  Siege Tank  
  80  9:35  Marine  
  81  9:46  Marine  
  81  9:47  Viking  
  81  9:50  Viking  
  85  9:53  Siege Tank  
  88  10:01  Siege Tank  
  81  10:17  Viking  
  79  10:57  Marine  
  79  10:58  Marine x2  
  82  11:13  Siege Tank  
  82  11:14  Medivac, Siege Tank  
  82  11:15  Marine x3  
  93  11:18  Orbital Command  
  89  11:33  Marine x2  
  89  11:34  Marauder  
  89  11:38  SCV  
  89  11:39  Viking  
  96  11:44  SCV  
  96  11:45  Siege Tank  
  96  11:46  Siege Tank  
  103  11:50  Refinery, Marine  
  103  11:51  Marine  
  105  11:54  Refinery  
  105  11:55  Marauder  
  105  11:56  SCV  
  108  12:08  SCV, Marine  
  108  12:09  Marine  
  108  12:10  Combat Shields  
  108  12:11  Viking x2  
  115  12:17  Marauder  
  117  12:25  Siege Tank x2  
  117  12:26  Supply Depot, Marine  
  117  12:27  Refinery, Supply Depot, Marine  
  117  12:28  Supply Depot  
  125  12:38  Marauder  
  118  12:44  Marine x2  
  97  12:59  Marine  
  98  13:06  SCV x3  
  101  13:17  Marine  
  101  13:18  SCV x3  
  103  13:29  Marine x2  
  103  13:30  SCV x3  
  103  13:31  Widow Mine x2  
  112  13:34  Medivac x2, Marine  
  112  13:38  Starport  
  112  13:40  Starport  
  117  13:42  SCV  
  117  13:45  Command Center  
  117  13:47  Marine x2  
  120  13:52  Marine, Widow Mine x2  
  125  14:04  Medivac x2, Marine  
  125  14:05  Marine  
  131  14:10  Marine  
  122  14:22  Marine x2  
  113  14:28  Marine  
  113  14:34  Medivac  
  113  14:38  Widow Mine x2  
  103  14:40  Marine x2  
  93  14:46  Marine  
  93  14:48  Missile Turret  
  94  14:58  Marine x2  
  94  14:59  Widow Mine  
  100  15:00  Hellion  
  100  15:03  Marine  
  99  15:16  Marine x2  
  99  15:17  Starport Reactor  
  99  15:21  Hellion x2, Marine  
  105  15:34  Marine x2  
  103  15:36  Orbital Command  
  103  15:39  Marine  
  103  15:42  Hellion x2  
  104  15:44  Starport Reactor  
  104  15:47  Armory  
  104  15:50  Orbital Command  
  104  15:51  Marine x2  
  106  15:57  Marauder  
  106  16:04  Hellion x2  
  112  16:07  Viking x4  
  112  16:09  Marine x2  
  122  16:19  Marauder  
  122  16:22  Starport  
  122  16:24  Armory  
  122  16:25  Refinery, Siege Tank x2  
  130  16:28  Orbital Command  
  130  16:30  Refinery  
  128  16:37  Viking x4  
  136  16:40  Marauder  
  138  16:48  Marine x2  
  138  16:49  Viking  
  138  16:50  Viking  
  138  16:53  Armory  
  144  16:54  Terran Infantry Armor Level 2  
  144  16:57  Hellion x2  
  148  17:01  Marine  
  148  17:03  Sensor Tower  
  148  17:07  Viking x4, Sensor Tower  
  157  17:08  Starport Reactor  
  157  17:10  SCV x2  
  157  17:11  SCV  
  160  17:19  Viking  
  162  17:23  SCV x2  
  162  17:24  SCV x2  
  166  17:35  SCV x2  
  166  17:36  SCV x2  
  166  17:37  Viking  
  170  17:51  Viking  
  170  17:57  Viking x2  
  133  18:23  Viking x3  
  133  18:24  Viking x2  
  137  18:27  Terran Ship Weapons Level 1  
  137  18:30  Terran Vehicle Weapons Level 1, Terran Vehicle And Ship Armor Level 1  
  137  18:35  Command Center  
  137  18:37  SCV  
  138  18:44  Siege Tank x2  
  138  18:46  Marine x3  
  138  18:47  Supply Depot  
  147  18:49  Supply Depot, SCV  
  147  18:52  Supply Depot  
  148  19:02  SCV  
  144  19:11  Supply Depot  
  144  19:14  SCV  
  144  19:16  Siege Tank  
  144  19:17  Siege Tank  
  144  19:49  Siege Tank  
  143  20:10  SCV x2  
  143  20:11  SCV x2  
  145  20:14  Marine  
  145  20:15  Marine x2  
  145  20:16  Viking, Siege Tank  
  145  20:17  Viking x3  
  145  20:21  Siege Tank  
  162  20:29  Sensor Tower  
  162  20:32  Marine x3  
  165  20:48  Siege Tank  
  166  20:50  Marine x3  
  166  20:53  Siege Tank  
  166  21:08  Marine  
  156  21:27  Marine x3  
  156  21:30  SCV x4  
  164  21:35  Orbital Command  
  164  21:38  Siege Tank x2  
  164  21:39  Viking x4  
  177  21:42  SCV x3  
  177  21:43  SCV  
  177  21:44  Marine x2  
  177  21:45  Marine  
  181  21:54  SCV  
  176  22:02  Marine x3, Sensor Tower  
  179  22:10  Siege Tank x2  
  179  22:13  Viking x5  
  195  22:18  Refinery  
  195  22:20  Refinery, Marine x2  
  188  22:42  Siege Tank x2  
  188  22:54  Missile Turret  
  188  23:07  Viking  
  188  23:08  Viking x5  
Show
View Real Time Build Order
Export as new Build Order

BoostY Terran 

Build Orders:  

Get SALT Encoding   

  12  0:03  SCV  
  13  0:15  SCV  
  14  0:27  SCV  
  15  0:30  Supply Depot  
  15  0:51  SCV  
  15  0:55  Barracks  
  16  1:00  Refinery  
  16  1:01  Refinery  
  16  1:18  SCV  
  17  1:19  Supply Depot  
  17  1:30  SCV  
  18  1:42  SCV  
  19  1:50  Marine  
  20  1:56  Orbital Command  
  20  2:02  Factory  
  20  2:08  Marine  
  21  2:22  SCV  
  22  2:26  Marine  
  23  2:34  SCV  
  24  2:38  Supply Depot  
  24  2:46  Supply Depot  
  24  2:47  Factory Tech Lab  
  24  2:53  Starport  
  24  2:54  SCV, Marine  
  26  3:06  SCV  
  26  3:09  Siege Tank  
  30  3:19  Marine  
  30  3:22  SCV  
  31  3:32  Medivac  
  33  3:41  Supply Depot, Siege Tank  
  36  3:42  Marine  
  37  4:00  Marine  
  37  4:02  Medivac  
  40  4:04  Supply Depot  
  40  4:13  Siege Tank  
  43  4:18  Marine  
  44  4:35  Marine  
  44  4:37  Command Center  
  45  4:40  Starport Tech Lab  
  45  4:53  Marine  
  46  5:11  Marine  
  41  5:51  Siege Tank  
  44  6:15  Raven  
  46  6:37  Refinery  
  46  6:38  Refinery  
  46  7:14  Liberator  
  45  7:22  Siege Tank  
  44  7:28  Marine  
  45  7:30  Orbital Command  
  48  7:39  Starport  
  48  7:44  SCV  
  49  7:56  SCV  
  50  8:02  Engineering Bay  
  50  8:09  SCV  
  51  8:21  SCV  
  52  8:28  Command Center  
  52  8:33  SCV  
  53  9:06  Liberator x2  
  59  9:37  Supply Depot, Command Center x2  
  59  9:40  Supply Depot  
  59  9:42  Missile Turret x2  
  59  9:49  Liberator x2, SCV  
  59  9:52  Siege Tank  
  63  10:01  Factory, SCV  
  63  10:04  Missile Turret  
  70  10:11  Missile Turret  
  70  10:13  SCV  
  69  10:30  Missile Turret  
  69  10:35  Missile Turret  
  63  10:45  Liberator x2  
  57  10:52  Factory Tech Lab  
  57  10:56  SCV  
  58  11:01  Refinery  
  64  11:08  Starport, SCV  
  64  11:09  SCV  
  66  11:15  Starport  
  66  11:17  SCV  
  67  11:20  SCV  
  67  11:21  SCV  
  58  11:32  SCV  
  58  11:35  Siege Tank  
  62  11:44  Siege Tank  
  62  11:45  Viking x2, SCV  
  62  11:46  Marine  
  71  11:54  Viking x2  
  73  11:57  SCV  
  76  12:04  Marine  
  76  12:07  SCV  
  78  12:15  Viking x2  
  80  12:19  SCV  
  83  12:25  Missile Turret x2  
  83  12:26  Missile Turret  
  79  12:42  Siege Tank  
  74  12:44  Siege Tank  
  62  13:11  Viking  
  64  13:14  Siege Tank  
  64  13:16  Siege Tank  
  64  13:17  SCV  
  68  13:29  SCV  
  68  13:30  Planetary Fortress  
  69  13:39  SCV  
  70  13:41  SCV  
  70  13:46  Siege Tank  
  74  13:49  Siege Tank  
  74  13:51  SCV  
  74  13:54  SCV  
  79  14:00  Viking  
  79  14:02  Viking  
  66  14:19  Siege Tank  
  54  14:26  Siege Tank  
  54  14:30  Marine  
  50  14:45  Viking  
  50  14:46  Viking  
  50  14:48  Marine  
  50  14:51  Siege Tank  
  50  14:52  Planetary Fortress  
  58  14:58  Siege Tank  
  58  15:03  Barracks  
  58  15:06  Marine  
  42  15:23  Siege Tank  
  42  15:24  Marine  
  43  15:30  Siege Tank  
  43  15:33  Starport Tech Lab x2  
  43  15:46  Cloaking Field  
  43  15:51  SCV  
  43  15:55  Siege Tank  
  43  15:56  SCV  
  48  16:06  SCV  
  48  16:08  SCV  
  50  16:14  Marine x2  
  52  16:20  Siege Tank  
  52  16:23  Banshee  
  58  16:27  Siege Tank  
  61  16:39  SCV  
  62  16:44  SCV  
  63  16:50  Refinery x2  
  63  16:51  SCV  
  64  16:55  Banshee  
  64  16:56  SCV  
  68  17:08  Missile Turret  
  67  17:10  Planetary Fortress  
  67  17:13  Missile Turret  
  67  17:14  SCV  
  68  17:17  SCV  
  69  17:26  SCV  
  71  17:30  SCV  
  70  17:37  Missile Turret  
  70  17:39  Missile Turret  
  70  17:43  SCV  
  58  18:11  Viking x2  
  56  18:14  Viking  
  52  18:28  Marine  
  52  18:29  Marine  
  54  18:35  Viking  
  56  18:41  SCV  
  56  18:45  SCV  
  56  18:46  Marine x2  
  60  18:53  SCV, Siege Tank  
  64  18:55  SCV  
  64  18:57  SCV  
  64  19:05  SCV  
  41  19:25  Marine x2  
  41  19:29  Siege Tank x2  
  47  19:34  Viking x3  
  53  19:52  Viking  
  55  20:01  Siege Tank  
  55  20:02  Siege Tank  
  55  20:04  Viking  
  63  20:28  SCV  
  62  20:30  Viking x2  
  62  20:33  Siege Tank  
  62  20:34  Viking  
  62  21:00  Viking x2  
  62  21:04  Viking  
  58  21:30  Viking x2  
  62  21:34  Viking  
  62  21:39  Viking  
  64  22:00  Viking  
  60  22:07  Viking x2  
  64  22:09  Viking  
  50  22:56  Viking  
  50  22:57  Viking x2  
Tags
 
League
Platinum
Matchup
TvT
Race
Terran
Spawn Locations
Cross Positions
Add a new tag
Caveats
  • Supply blocks, unpowered buildings, or Contaminate may cause inaccurate times.
  • Supply counts are checked every 10 seconds.